3176 views
Uploaded 2020-02-14 21:20:04
Game version 1.32 / 1.32.1
32:25 long 4on4 ladder game on (8)Northshire_LV
Saved by BEARAND
3176 views
Uploaded 2020-02-14 21:20:04
Game version 1.32 / 1.32.1
32:25 long 4on4 ladder game on (8)Northshire_LV


222 units @ 29.8k
/ 4.9k
119 buildings @ 15.8k
/ 7.2k



| Scroll of Town Portal | 2 | 700 |
| total: | 2 | 700g |
| Peasant | 8 | 600 | / | 0 |
| Footman | 5 | 675 | / | 0 |
| Spell Breaker | 9 | 1935 | / | 270 |
| Priest | 3 | 405 | / | 30 |
| Sorceress | 3 | 465 | / | 60 |
| Dragonhawk Rider | 5 | 1000 | / | 150 |
| Gryphon Rider | 1 | 280 | / | 70 |
| Knight | 4 | 980 | / | 240 |
| Siege Engine | 4 | 780 | / | 240 |
| total: | 42 | 7120g | / | 1060w |
| Scout Tower | 4 | 120 | / | 80 |
| Guard Tower | 4 | 280 | / | 200 |
| Altar of Kings | 1 | 180 | / | 50 |
| Lumber Mill | 1 | 120 | / | 0 |
| Farm | 10 | 800 | / | 200 |
| Barracks | 1 | 160 | / | 60 |
| Blacksmith | 1 | 140 | / | 60 |
| Arcane Vault | 1 | 130 | / | 30 |
| Arcane Sanctum | 1 | 150 | / | 140 |
| Gryphon Aviary | 1 | 140 | / | 150 |
| Workshop | 1 | 140 | / | 140 |
| Keep | 1 | 320 | / | 210 |
| Castle | 1 | 360 | / | 210 |
| total: | 22 | 2080g | / | 910w |
| 0:03 | Peasant |
| 0:03 | Peasant |
| 0:03 | Peasant |
| 0:04 | Peasant |
| 0:04 | Peasant |
| 0:22 | Altar of Kings |
| 0:38 | Lumber Mill |
| 0:40 | Peasant |
| 0:52 | Farm |
| 0:54 | Peasant |
| 1:00 | Peasant |
| 1:09 | Farm |
| 1:43 | Barracks |
| 1:52 | Farm |
| 2:15 | Blacksmith |
| 2:37 | Summon Water Elemental |
| 2:51 | Footman |
| 2:52 | Footman |
| 2:52 | Footman |
| 2:53 | Footman |
| 3:09 | Keep |
| 3:17 | Farm |
| 4:18 | Footman |
| 4:19 | Defend |
| 4:21 | Iron Plating |
| 4:22 | Iron Forged Swords |
| 4:22 | Black Gunpowder |
| 5:12 | Brilliance Aura |
| 5:21 | Studded Leather Armor |
| 5:28 | Scout Tower |
| 6:11 | Castle |
| 6:15 | Arcane Vault |
| 6:17 | Guard Tower |
| 6:23 | Scout Tower |
| 6:33 | Arcane Sanctum |
| 6:59 | Improved Lumber Harvesting |
| 7:07 | Gryphon Aviary |
| 7:49 | Banish |
| 7:53 | Summon Water Elemental |
| 8:12 | Spell Breaker |
| 8:12 | Priest |
| 8:13 | Sorceress |
| 8:13 | Spell Breaker |
| 8:14 | Priest |
| 8:19 | Guard Tower |
| 9:29 | Farm |
| 9:30 | Cloud |
| 9:31 | Dragonhawk Rider |
| 9:31 | Dragonhawk Rider |
| 9:32 | Gryphon Rider |
| 10:22 | Farm |
| 10:25 | Animal War Training |
| 10:25 | Sundering Blades |
| 10:26 | Knight |
| 11:37 | Spell Breaker |
| 11:51 | Farm |
| 11:57 | Sorceress |
| 12:28 | Farm |
| 13:13 | Holy Light |
| 13:25 | Spell Breaker |
| 13:25 | Priest |
| 13:25 | Sorceress |
| 13:27 | Dragonhawk Rider |
| 13:35 | Steel Plating |
| 14:01 | Dragonhawk Rider |
| 14:22 | Dragonhawk Rider |
| 16:21 | Siphon Mana |
| 16:53 | Knight |
| 16:54 | Knight |
| 16:54 | Knight |
| 16:55 | Spell Breaker |
| 16:56 | Spell Breaker |
| 16:56 | Spell Breaker |
| 17:45 | Spell Breaker |
| 18:15 | Mithril Plating |
| 18:57 | Spell Breaker |
| 19:01 | Sorceress Adept Training |
| 20:47 | Scout Tower |
| 20:51 | Scout Tower |
| 20:59 | Workshop |
| 21:03 | Steel Forged Swords |
| 21:04 | Refined Gunpowder |
| 21:24 | Magic Sentry |
| 21:28 | Guard Tower |
| 21:29 | Guard Tower |
| 21:53 | Scroll of Town Portal |
| 23:03 | Barrage |
| 23:03 | Siege Engine |
| 25:13 | Devotion Aura |
| 25:52 | Farm |
| 25:53 | Siege Engine |
| 26:00 | Mithril Forged Swords |
| 26:25 | Scroll of Town Portal |
| 29:42 | Siege Engine |
| 29:43 | Siege Engine |
| 29:46 | Farm |
| Right click | 708 |
| Select | 366 |
| Build/train/purchase | 96 |
| Use ability | 19 |
| Remove unit | 2 |
| Item give/drop | 1 |


| Wisp | 34 | 2040 | / | 0 |
| Archer | 12 | 1560 | / | 120 |
| Huntress | 7 | 1365 | / | 140 |
| Dryad | 10 | 1450 | / | 600 |
| Druid of the Talon | 1 | 145 | / | 20 |
| Goblin Shredder | 1 | 375 | / | 100 |
| total: | 65 | 6935g | / | 980w |
| Ancient Protector | 12 | 1620 | / | 960 |
| Altar of Elders | 2 | 360 | / | 100 |
| Moon Well | 12 | 2160 | / | 480 |
| Ancient of War | 2 | 300 | / | 120 |
| Hunter's Hall | 2 | 420 | / | 200 |
| Tree of Life | 2 | 680 | / | 370 |
| Ancient of Wonders | 2 | 180 | / | 60 |
| Ancient of Lore | 1 | 155 | / | 145 |
| Ancient of Wind | 1 | 150 | / | 140 |
| Tree of Ages | 2 | 640 | / | 360 |
| Tree of Eternity | 2 | 660 | / | 400 |
| total: | 36 | 6025g | / | 2575w |
| 0:03 | Wisp |
| 0:03 | Wisp |
| 0:13 | Altar of Elders |
| 0:20 | Moon Well |
| 0:23 | Wisp |
| 0:34 | Wisp |
| 0:49 | Ancient of War |
| 0:53 | Wisp |
| 1:06 | Wisp |
| 1:21 | Wisp |
| 1:32 | Wisp |
| 1:38 | Wisp |
| 1:55 | Archer |
| 2:04 | Moon Well |
| 2:23 | Black Arrow |
| 2:49 | Moon Well |
| 3:05 | Archer |
| 3:12 | Hunter's Hall |
| 3:40 | Wisp |
| 3:40 | Wisp |
| 4:11 | Silence |
| 4:20 | Ancient Protector |
| 4:41 | Huntress |
| 4:41 | Huntress |
| 4:41 | Sentinel |
| 5:07 | Ancient Protector |
| 5:16 | Wisp |
| 5:16 | Wisp |
| 5:16 | Wisp |
| 5:32 | Huntress |
| 5:33 | Huntress |
| 5:33 | Archer |
| 5:50 | Ancient Protector |
| 5:55 | Ancient Protector |
| 5:57 | Wisp |
| 6:17 | Archer |
| 6:19 | Tree of Ages |
| 6:57 | Goblin Shredder |
| 7:33 | Archer |
| 7:38 | Moon Well |
| 7:44 | Ultravision |
| 8:51 | Ancient Protector |
| 9:11 | Moon Glaive |
| 9:11 | Huntress |
| 9:12 | Huntress |
| 9:19 | Silence |
| 9:41 | Tree of Life |
| 9:43 | Scout |
| 9:54 | Ancient of Lore |
| 10:55 | Improved Bows |
| 10:55 | Archer |
| 10:55 | Archer |
| 11:07 | Nature's Blessing |
| 11:11 | Abolish Magic |
| 11:11 | Dryad |
| 11:12 | Dryad |
| 11:55 | Ancient of Wind |
| 12:08 | Wisp |
| 12:08 | Wisp |
| 12:08 | Wisp |
| 12:08 | Wisp |
| 12:12 | Wisp |
| 12:12 | Wisp |
| 12:12 | Wisp |
| 12:12 | Wisp |
| 12:12 | Wisp |
| 12:16 | Wisp |
| 12:43 | Dryad |
| 13:00 | Moon Well |
| 13:32 | Ancient Protector |
| 13:42 | Tree of Eternity |
| 13:45 | Wisp |
| 13:54 | Ancient Protector |
| 14:26 | Dryad |
| 14:26 | Dryad |
| 14:38 | Trueshot Aura |
| 15:09 | Black Arrow |
| 15:29 | Archer |
| 15:29 | Archer |
| 15:37 | Ancient Protector |
| 15:39 | Wisp |
| 16:33 | Ancient of Wonders |
| 16:34 | Strength of the Moon |
| 16:34 | Strength of the Wild |
| 16:34 | Well Spring |
| 16:38 | Druid of the Talon |
| 16:39 | Druid of the Talon Adept Training |
| 16:49 | Moon Well |
| 16:51 | Moon Well |
| 17:05 | Marksmanship |
| 19:25 | Ancient Protector |
| 19:27 | Ancient Protector |
| 19:30 | Ancient Protector |
| 19:31 | Wisp |
| 19:32 | Wisp |
| 19:32 | Wisp |
| 19:32 | Wisp |
| 19:41 | Dryad |
| 19:41 | Dryad |
| 20:09 | Altar of Elders |
| 20:17 | Ancient of War |
| 20:19 | Wisp |
| 20:19 | Wisp |
| 20:19 | Wisp |
| 20:25 | Moon Well |
| 20:26 | Moon Well |
| 20:53 | Tree of Life |
| 21:22 | Dryad |
| 21:24 | Dryad |
| 21:24 | Dryad |
| 21:36 | Moon Well |
| 21:42 | Archer |
| 21:43 | Archer |
| 22:12 | Ancient Protector |
| 22:26 | Ancient of Wonders |
| 22:57 | Moon Well |
| 23:16 | Huntress |
| 23:17 | Archer |
| 23:45 | Tree of Ages |
| 25:21 | Trueshot Aura |
| 26:07 | Tree of Eternity |
| 26:47 | Hunter's Hall |
| 26:57 | Moon Well |
| 30:39 | Silence |
| Right click | 664 |
| Select | 445 |
| Build/train/purchase | 113 |
| Use ability | 37 |
| Misc. action | 17 |
| Assign group | 9 |
| Chat | 4 |



| Scroll of Regeneration | 3 | 300 |
| Staff of Sanctuary | 3 | 750 |
| Lesser Clarity Potion | 1 | 70 |
| Ivory Tower | 3 | 120 |
| Scroll of Town Portal | 1 | 350 |
| Boots of Speed | 1 | 250 |
| total: | 12 | 1840g |
| Peasant | 16 | 1200 | / | 0 |
| Footman | 7 | 945 | / | 0 |
| Rifleman | 10 | 2050 | / | 300 |
| Priest | 10 | 1350 | / | 100 |
| Mortar Team | 8 | 1440 | / | 560 |
| Sorceress | 1 | 155 | / | 20 |
| Flying Machine | 1 | 100 | / | 30 |
| Goblin Shredder | 2 | 750 | / | 200 |
| total: | 55 | 7990g | / | 1210w |
| Scout Tower | 15 | 450 | / | 300 |
| Arcane Tower | 1 | 70 | / | 50 |
| Guard Tower | 12 | 840 | / | 600 |
| Altar of Kings | 1 | 180 | / | 50 |
| Farm | 10 | 800 | / | 200 |
| Barracks | 2 | 320 | / | 120 |
| Town Hall | 3 | 1155 | / | 615 |
| Blacksmith | 1 | 140 | / | 60 |
| Lumber Mill | 1 | 120 | / | 0 |
| Arcane Vault | 1 | 130 | / | 30 |
| Arcane Sanctum | 1 | 150 | / | 140 |
| Workshop | 3 | 420 | / | 420 |
| Keep | 2 | 640 | / | 420 |
| Castle | 1 | 360 | / | 210 |
| total: | 38 | 3865g | / | 1935w |
| 0:01 | Peasant |
| 0:01 | Peasant |
| 0:04 | Altar of Kings |
| 0:17 | Farm |
| 0:18 | Barracks |
| 0:24 | Peasant |
| 0:34 | Peasant |
| 0:43 | Peasant |
| 1:02 | Farm |
| 1:11 | Peasant |
| 1:19 | Footman |
| 1:19 | Footman |
| 1:21 | Peasant |
| 1:34 | Footman |
| 1:48 | Farm |
| 1:51 | Peasant |
| 2:02 | Footman |
| 2:04 | Summon Water Elemental |
| 2:27 | Footman |
| 2:28 | Peasant |
| 2:32 | Peasant |
| 2:35 | Farm |
| 2:53 | Footman |
| 2:54 | Peasant |
| 3:04 | Brilliance Aura |
| 3:37 | Footman |
| 3:37 | Peasant |
| 3:37 | Peasant |
| 3:52 | Town Hall |
| 3:57 | Scout Tower |
| 4:09 | Peasant |
| 4:10 | Peasant |
| 4:36 | Keep |
| 4:40 | Summon Water Elemental |
| 4:50 | Arcane Tower |
| 5:00 | Blacksmith |
| 5:19 | Barracks |
| 5:23 | Peasant |
| 5:40 | Goblin Shredder |
| 5:41 | Goblin Shredder |
| 5:47 | Lumber Mill |
| 5:49 | Arcane Vault |
| 6:09 | Farm |
| 6:28 | Rifleman |
| 6:42 | Improved Masonry |
| 6:57 | Scroll of Regeneration |
| 7:00 | Scout Tower |
| 7:02 | Castle |
| 7:19 | Black Gunpowder |
| 7:21 | Scout Tower |
| 7:23 | Scout Tower |
| 7:25 | Scout Tower |
| 7:26 | Scout Tower |
| 7:33 | Scout Tower |
| 7:34 | Guard Tower |
| 7:56 | Long Rifles |
| 7:57 | Arcane Sanctum |
| 7:59 | Workshop |
| 8:01 | Brilliance Aura |
| 8:17 | Workshop |
| 8:20 | Storm Bolt |
| 9:15 | Rifleman |
| 9:18 | Refined Gunpowder |
| 9:22 | Guard Tower |
| 9:23 | Advanced Masonry |
| 9:26 | Fragmentation Shards |
| 9:29 | Guard Tower |
| 9:39 | Rifleman |
| 9:40 | Scroll of Town Portal |
| 9:42 | Scroll of Regeneration |
| 9:43 | Staff of Sanctuary |
| 9:50 | Priest Adept Training |
| 10:07 | Scout Tower |
| 10:16 | Farm |
| 10:17 | Farm |
| 10:21 | Flare |
| 10:28 | Workshop |
| 10:40 | Guard Tower |
| 10:41 | Imbued Gunpowder |
| 10:52 | Imbued Masonry |
| 11:07 | Holy Light |
| 11:17 | Priest Master Training |
| 11:20 | Farm |
| 11:21 | Farm |
| 11:31 | Priest |
| 12:21 | Rifleman |
| 12:22 | Mortar Team |
| 12:23 | Priest |
| 12:23 | Priest |
| 12:24 | Farm |
| 12:37 | Studded Leather Armor |
| 13:12 | Mortar Team |
| 13:25 | Scout Tower |
| 13:40 | Reinforced Leather Armor |
| 13:43 | Mortar Team |
| 15:16 | Rifleman |
| 16:06 | Thunder Clap |
| 16:06 | Thunder Clap |
| 16:28 | Mortar Team |
| 17:17 | Rifleman |
| 17:19 | Mortar Team |
| 17:21 | Priest |
| 17:21 | Priest |
| 17:22 | Dragonhide Armor |
| 17:38 | Priest |
| 17:57 | Mortar Team |
| 18:01 | Rifleman |
| 18:05 | Guard Tower |
| 18:34 | Staff of Sanctuary |
| 19:08 | Lesser Clarity Potion |
| 20:21 | Divine Shield |
| 20:41 | Boots of Speed |
| 23:09 | Scroll of Regeneration |
| 23:12 | Priest |
| 23:33 | Scout Tower |
| 23:40 | Staff of Sanctuary |
| 23:41 | Ivory Tower |
| 23:41 | Ivory Tower |
| 23:41 | Ivory Tower |
| 23:56 | Sorceress |
| 23:59 | Sorceress Adept Training |
| 24:00 | Mortar Team |
| 24:01 | Rifleman |
| 24:15 | Scout Tower |
| 24:48 | Holy Light |
| 25:21 | Magic Sentry |
| 25:28 | Guard Tower |
| 25:38 | Town Hall |
| 25:48 | Flying Machine |
| 25:57 | Scout Tower |
| 26:14 | Scout Tower |
| 26:15 | Scout Tower |
| 26:16 | Scout Tower |
| 26:25 | Rifleman |
| 26:32 | Town Hall |
| 26:46 | Guard Tower |
| 26:48 | Summon Water Elemental |
| 26:52 | Guard Tower |
| 27:09 | Guard Tower |
| 27:12 | Priest |
| 27:12 | Priest |
| 27:13 | Rifleman |
| 27:23 | Priest |
| 27:55 | Storm Bolt |
| 28:06 | Mortar Team |
| Select group | 1601 |
| Right click | 1399 |
| Select | 1133 |
| Misc. action | 591 |
| Build/train/purchase | 207 |
| Use ability | 97 |
| Assign group | 95 |
| Chat | 20 |
| Esc | 4 |
| Item give/drop | 2 |
| Remove unit | 1 |


x1)
| Orb of Venom | 1 | 325 |
| Moonstone | 1 | 50 |
| Scroll of Healing | 1 | 250 |
| Dust of Appearance | 1 | 75 |
| Potion of Lesser Invulnerability | 3 | 450 |
| Tome of Retraining | 1 | 300 |
| total: | 8 | 1450g |
| Wisp | 34 | 2040 | / | 0 |
| Archer | 3 | 390 | / | 30 |
| Mountain Giant | 5 | 1750 | / | 500 |
| Dryad | 10 | 1450 | / | 600 |
| Druid of the Claw | 3 | 765 | / | 240 |
| Glaive Thrower | 2 | 420 | / | 130 |
| Goblin Shredder | 1 | 375 | / | 100 |
| Forest Troll High Priest | 1 | 305 | / | 40 |
| Assassin | 1 | 250 | / | 30 |
| total: | 60 | 7745g | / | 1670w |
| Ancient Protector | 8 | 1080 | / | 640 |
| Altar of Elders | 1 | 180 | / | 50 |
| Moon Well | 6 | 1080 | / | 240 |
| Ancient of War | 1 | 150 | / | 60 |
| Hunter's Hall | 1 | 210 | / | 100 |
| Ancient of Wonders | 2 | 180 | / | 60 |
| Tree of Life | 2 | 680 | / | 370 |
| Ancient of Lore | 2 | 310 | / | 290 |
| Tree of Ages | 1 | 320 | / | 180 |
| Tree of Eternity | 1 | 330 | / | 200 |
| total: | 23 | 3870g | / | 1810w |
| 0:09 | Wisp |
| 0:24 | Wisp |
| 0:36 | Wisp |
| 0:37 | Wisp |
| 0:39 | Altar of Elders |
| 0:54 | Moon Well |
| 1:00 | Wisp |
| 1:19 | Ancient of War |
| 1:25 | Wisp |
| 1:25 | Wisp |
| 1:26 | Wisp |
| 2:02 | Wisp |
| 2:32 | Archer |
| 2:32 | Archer |
| 2:35 | Wisp |
| 2:35 | Wisp |
| 2:40 | Moon Well |
| 3:05 | Mana Burn |
| 3:20 | Wisp |
| 3:53 | Tree of Ages |
| 3:57 | Moon Well |
| 4:04 | Archer |
| 4:59 | Moon Well |
| 5:08 | Hunter's Hall |
| 5:15 | Goblin Shredder |
| 6:20 | Wisp |
| 6:21 | Wisp |
| 6:56 | Ancient of Lore |
| 6:59 | Ancient of Lore |
| 7:04 | Ancient of Wonders |
| 7:06 | Ancient of Wonders |
| 7:09 | Ancient Protector |
| 7:10 | Ancient Protector |
| 7:31 | Force of Nature |
| 7:43 | Immolation |
| 7:49 | Tree of Eternity |
| 8:05 | Forest Troll High Priest |
| 8:06 | Assassin |
| 8:50 | Potion of Lesser Invulnerability |
| 8:52 | Tome of Retraining |
| 8:52 | Retrain Hero |
| 9:24 | Druid of the Claw Adept Training |
| 9:24 | Mountain Giant |
| 9:59 | Dryad |
| 10:02 | Dryad |
| 10:02 | Dryad |
| 10:27 | Druid of the Claw Master Training |
| 10:51 | Tree of Life |
| 11:05 | Immolation |
| 11:05 | Evasion |
| 11:23 | Wisp |
| 11:23 | Wisp |
| 11:23 | Wisp |
| 11:24 | Wisp |
| 11:25 | Wisp |
| 11:34 | Orb of Venom |
| 11:42 | Abolish Magic |
| 11:44 | Hardened Skin |
| 11:54 | Resistant Skin |
| 12:01 | Strength of the Wild |
| 12:16 | Moon Well |
| 12:50 | Well Spring |
| 12:50 | Ultravision |
| 13:02 | Moon Well |
| 13:13 | Wisp |
| 13:14 | Wisp |
| 13:14 | Wisp |
| 13:19 | Wisp |
| 13:19 | Wisp |
| 13:47 | Druid of the Claw |
| 14:56 | Mountain Giant |
| 14:56 | Mountain Giant |
| 14:57 | Mountain Giant |
| 15:04 | Scroll of Healing |
| 16:10 | Tree of Life |
| 16:12 | Ancient Protector |
| 16:13 | Ancient Protector |
| 16:13 | Ancient Protector |
| 17:44 | Immolation |
| 18:21 | Moonstone |
| 19:06 | Druid of the Claw |
| 19:08 | Dryad |
| 19:08 | Dryad |
| 19:17 | Wisp |
| 19:17 | Wisp |
| 19:17 | Wisp |
| 19:25 | Wisp |
| 19:26 | Wisp |
| 19:47 | Potion of Lesser Invulnerability |
| 20:21 | Entangling Roots |
| 20:53 | Dryad |
| 20:53 | Dryad |
| 20:54 | Dryad |
| 20:54 | Dryad |
| 20:54 | Dryad |
| 21:07 | Dust of Appearance |
| 21:28 | Mountain Giant |
| 21:58 | Druid of the Claw |
| 22:10 | Improved Strength of the Wild |
| 22:10 | Reinforced Hides |
| 22:13 | Wisp |
| 22:13 | Wisp |
| 22:13 | Wisp |
| 22:21 | Wisp |
| 22:22 | Wisp |
| 22:57 | Vorpal Blades |
| 22:57 | Glaive Thrower |
| 22:57 | Glaive Thrower |
| 23:16 | Ancient Protector |
| 23:18 | Ancient Protector |
| 23:20 | Ancient Protector |
| 23:33 | Potion of Lesser Invulnerability |
| Right click | 1011 |
| Select | 327 |
| Select group | 200 |
| Build/train/purchase | 137 |
| Misc. action | 69 |
| Use ability | 38 |
| Assign group | 28 |
| Remove unit | 8 |
| Item give/drop | 1 |
150 units @ 18.7k
/ 3.2k
303 buildings @ 28.9k
/ 17.7k

| Lesser Clarity Potion | 23 | 1610 |
| Healing Salve | 8 | 800 |
| Orb of Lightning | 1 | 375 |
| Tiny Great Hall | 3 | 1800 |
| Potion of Mana | 2 | 400 |
| Potion of Healing | 1 | 150 |
| Boots of Speed | 1 | 250 |
| Staff of Teleportation | 1 | 150 |
| Potion of Lesser Invulnerability | 2 | 300 |
| total: | 42 | 5835g |
| Peon | 19 | 1425 | / | 0 |
| Troll Batrider | 22 | 3520 | / | 880 |
| Goblin Shredder | 1 | 375 | / | 100 |
| Goblin Zeppelin | 1 | 240 | / | 60 |
| total: | 43 | 5560g | / | 1040w |
| Watch Tower | 46 | 5060 | / | 3680 |
| Altar of Storms | 1 | 180 | / | 50 |
| Orc Burrow | 4 | 640 | / | 160 |
| War Mill | 1 | 205 | / | 0 |
| Voodoo Lounge | 2 | 260 | / | 60 |
| Great Hall | 3 | 1155 | / | 555 |
| Beastiary | 5 | 725 | / | 700 |
| Stronghold | 1 | 315 | / | 190 |
| Fortress | 1 | 325 | / | 190 |
| total: | 62 | 8225g | / | 5205w |
| 0:03 | Peon |
| 0:03 | Peon |
| 0:08 | Altar of Storms |
| 0:11 | Orc Burrow |
| 0:13 | Peon |
| 0:46 | Peon |
| 0:50 | War Mill |
| 1:04 | Voodoo Lounge |
| 1:08 | Peon |
| 1:19 | Peon |
| 1:37 | Peon |
| 1:42 | Orc Burrow |
| 1:47 | Peon |
| 2:03 | Peon |
| 2:08 | Watch Tower |
| 2:10 | Wind Walk |
| 2:15 | Lesser Clarity Potion |
| 2:15 | Lesser Clarity Potion |
| 2:15 | Healing Salve |
| 2:36 | Peon |
| 3:00 | Stronghold |
| 3:19 | Watch Tower |
| 3:25 | Watch Tower |
| 3:29 | Healing Salve |
| 3:54 | Watch Tower |
| 5:10 | Goblin Shredder |
| 5:17 | Watch Tower |
| 5:17 | Watch Tower |
| 5:28 | Fortress |
| 5:38 | Critical Strike |
| 5:48 | Reinforced Defenses |
| 5:58 | Boots of Speed |
| 6:06 | Beastiary |
| 6:09 | Beastiary |
| 6:35 | Orc Burrow |
| 6:39 | Orc Burrow |
| 7:18 | Troll Batrider |
| 7:33 | Staff of Teleportation |
| 7:45 | Lesser Clarity Potion |
| 8:11 | Orb of Lightning |
| 8:16 | Liquid Fire |
| 8:28 | Troll Batrider |
| 8:39 | Lesser Clarity Potion |
| 8:43 | Healing Salve |
| 8:49 | Spiked Barricades |
| 9:13 | Wind Walk |
| 9:20 | Troll Batrider |
| 9:26 | Watch Tower |
| 9:41 | Lesser Clarity Potion |
| 9:44 | Lesser Clarity Potion |
| 10:01 | Troll Batrider |
| 10:27 | Watch Tower |
| 10:28 | Watch Tower |
| 10:36 | Troll Batrider |
| 10:48 | Steel Ranged Weapons |
| 11:17 | Lesser Clarity Potion |
| 11:19 | Healing Salve |
| 11:21 | Lesser Clarity Potion |
| 11:38 | Troll Batrider |
| 12:16 | Thorium Ranged Weapons |
| 12:26 | Watch Tower |
| 12:57 | Great Hall |
| 13:24 | Troll Batrider |
| 13:27 | Troll Batrider |
| 13:45 | Watch Tower |
| 13:49 | Lesser Clarity Potion |
| 13:50 | Lesser Clarity Potion |
| 14:16 | Troll Batrider |
| 14:25 | Troll Batrider |
| 14:50 | Arcanite Ranged Weapons |
| 14:53 | Watch Tower |
| 15:27 | Lesser Clarity Potion |
| 15:29 | Critical Strike |
| 15:56 | Potion of Lesser Invulnerability |
| 16:13 | Lesser Clarity Potion |
| 16:15 | Tiny Great Hall |
| 16:43 | Watch Tower |
| 16:43 | Watch Tower |
| 16:44 | Watch Tower |
| 16:44 | Watch Tower |
| 17:12 | Troll Batrider |
| 17:23 | Watch Tower |
| 17:24 | Peon |
| 17:45 | Watch Tower |
| 17:45 | Watch Tower |
| 17:45 | Watch Tower |
| 17:46 | Watch Tower |
| 17:46 | Watch Tower |
| 18:13 | Troll Batrider |
| 18:14 | Troll Batrider |
| 18:38 | Watch Tower |
| 18:43 | Troll Batrider |
| 18:52 | Wind Walk |
| 19:13 | Watch Tower |
| 19:13 | Watch Tower |
| 19:13 | Watch Tower |
| 19:14 | Watch Tower |
| 19:14 | Watch Tower |
| 19:27 | Lesser Clarity Potion |
| 19:27 | Healing Salve |
| 19:29 | Lesser Clarity Potion |
| 19:35 | Tiny Great Hall |
| 20:37 | Watch Tower |
| 20:38 | Watch Tower |
| 20:42 | Lesser Clarity Potion |
| 20:44 | Lesser Clarity Potion |
| 20:58 | Watch Tower |
| 20:58 | Watch Tower |
| 20:59 | Watch Tower |
| 20:59 | Watch Tower |
| 21:00 | Watch Tower |
| 21:00 | Watch Tower |
| 21:01 | Watch Tower |
| 21:01 | Watch Tower |
| 21:09 | Troll Batrider |
| 21:47 | Bladestorm |
| 22:00 | Lesser Clarity Potion |
| 22:05 | Lesser Clarity Potion |
| 22:22 | Voodoo Lounge |
| 22:25 | Troll Batrider |
| 23:55 | Lesser Clarity Potion |
| 23:55 | Healing Salve |
| 23:57 | Lesser Clarity Potion |
| 24:00 | Peon |
| 24:00 | Peon |
| 24:01 | Peon |
| 24:01 | Peon |
| 24:01 | Peon |
| 25:31 | Critical Strike |
| 25:45 | Troll Batrider |
| 25:46 | Troll Batrider |
| 25:46 | Troll Batrider |
| 26:15 | Troll Batrider |
| 26:39 | Troll Batrider |
| 26:54 | Peon |
| 26:54 | Peon |
| 26:55 | Peon |
| 27:03 | Beastiary |
| 27:03 | Beastiary |
| 27:04 | Beastiary |
| 27:12 | Potion of Mana |
| 27:12 | Lesser Clarity Potion |
| 27:14 | Healing Salve |
| 27:17 | Lesser Clarity Potion |
| 27:57 | Potion of Lesser Invulnerability |
| 28:48 | Troll Batrider |
| 29:02 | Goblin Zeppelin |
| 29:23 | Mirror Image |
| 29:31 | Lesser Clarity Potion |
| 29:31 | Healing Salve |
| 29:33 | Potion of Healing |
| 29:35 | Potion of Mana |
| 29:37 | Tiny Great Hall |
| 29:45 | Great Hall |
| 30:10 | Watch Tower |
| 30:11 | Watch Tower |
| 30:11 | Watch Tower |
| 30:12 | Watch Tower |
| 30:13 | Watch Tower |
| 30:13 | Watch Tower |
| 30:15 | Great Hall |
| 30:16 | Watch Tower |
| 30:17 | Watch Tower |
| Right click | 1785 |
| Select group | 536 |
| Select | 251 |
| Build/train/purchase | 201 |
| Use ability | 55 |
| Misc. action | 50 |
| Assign group | 45 |
| Item give/drop | 6 |
| Esc | 2 |
| Minimap ping | 1 |
BEARAND
(32:24) : 


| Staff of Sanctuary | 3 | 750 |
| Potion of Healing | 1 | 150 |
| Potion of Mana | 6 | 1200 |
| Lesser Clarity Potion | 2 | 140 |
| Scroll of Town Portal | 1 | 350 |
| Staff of Teleportation | 3 | 450 |
| Boots of Speed | 3 | 750 |
| Periapt of Vitality | 1 | 325 |
| Circlet of Nobility | 1 | 175 |
| Healing Salve | 3 | 300 |
| Orb of Lightning | 2 | 750 |
| total: | 26 | 5340g |
| Peasant | 17 | 1275 | / | 0 |
| Priest | 1 | 135 | / | 10 |
| Dragonhawk Rider | 3 | 600 | / | 90 |
| Goblin Shredder | 1 | 375 | / | 100 |
| total: | 22 | 2385g | / | 200w |
| Scout Tower | 108 | 3240 | / | 2160 |
| Arcane Tower | 12 | 840 | / | 600 |
| Guard Tower | 45 | 3150 | / | 2250 |
| Altar of Kings | 1 | 180 | / | 50 |
| Farm | 7 | 560 | / | 140 |
| Lumber Mill | 1 | 120 | / | 0 |
| Town Hall | 3 | 1155 | / | 615 |
| Arcane Vault | 5 | 650 | / | 150 |
| Blacksmith | 1 | 140 | / | 60 |
| Barracks | 1 | 160 | / | 60 |
| Arcane Sanctum | 1 | 150 | / | 140 |
| Gryphon Aviary | 1 | 140 | / | 150 |
| Keep | 1 | 320 | / | 210 |
| Castle | 1 | 360 | / | 210 |
| total: | 129 | 6495g | / | 3525w |
| 0:01 | Peasant |
| 0:01 | Peasant |
| 0:11 | Altar of Kings |
| 0:18 | Farm |
| 0:24 | Peasant |
| 0:25 | Peasant |
| 0:53 | Farm |
| 0:56 | Scout Tower |
| 0:57 | Peasant |
| 1:03 | Lumber Mill |
| 1:05 | Peasant |
| 1:31 | Peasant |
| 1:39 | Arcane Tower |
| 1:43 | Scout Tower |
| 1:50 | Peasant |
| 1:51 | Peasant |
| 1:51 | Peasant |
| 2:05 | Scout Tower |
| 2:08 | Blizzard |
| 2:14 | Arcane Tower |
| 2:15 | Scout Tower |
| 2:23 | Peasant |
| 2:24 | Peasant |
| 2:24 | Peasant |
| 2:24 | Peasant |
| 2:32 | Guard Tower |
| 2:33 | Scout Tower |
| 2:43 | Guard Tower |
| 2:44 | Peasant |
| 3:01 | Guard Tower |
| 3:03 | Scout Tower |
| 3:15 | Brilliance Aura |
| 3:22 | Scout Tower |
| 3:33 | Guard Tower |
| 3:42 | Staff of Teleportation |
| 3:42 | Boots of Speed |
| 4:03 | Keep |
| 4:13 | Healing Salve |
| 4:19 | Guard Tower |
| 4:23 | Scout Tower |
| 5:16 | Scout Tower |
| 5:16 | Scout Tower |
| 5:17 | Scout Tower |
| 5:18 | Guard Tower |
| 5:20 | Scout Tower |
| 5:21 | Scout Tower |
| 5:21 | Scout Tower |
| 5:22 | Scout Tower |
| 5:24 | Farm |
| 5:25 | Farm |
| 5:28 | Farm |
| 5:28 | Farm |
| 5:43 | Improved Masonry |
| 5:44 | Guard Tower |
| 5:44 | Guard Tower |
| 5:47 | Scout Tower |
| 5:47 | Scout Tower |
| 5:49 | Scout Tower |
| 5:50 | Scout Tower |
| 5:51 | Scout Tower |
| 5:51 | Scout Tower |
| 5:52 | Scout Tower |
| 6:06 | Guard Tower |
| 6:08 | Guard Tower |
| 6:47 | Blizzard |
| 6:56 | Guard Tower |
| 6:59 | Improved Lumber Harvesting |
| 7:34 | Town Hall |
| 7:35 | Town Hall |
| 7:56 | Storm Bolt |
| 7:58 | Guard Tower |
| 7:59 | Guard Tower |
| 8:02 | Scout Tower |
| 8:03 | Scout Tower |
| 8:10 | Guard Tower |
| 8:10 | Guard Tower |
| 8:25 | Farm |
| 8:51 | Arcane Vault |
| 8:51 | Arcane Sanctum |
| 8:58 | Guard Tower |
| 8:58 | Guard Tower |
| 9:16 | Guard Tower |
| 9:18 | Peasant |
| 9:18 | Peasant |
| 9:34 | Goblin Shredder |
| 9:47 | Guard Tower |
| 10:11 | Staff of Teleportation |
| 10:11 | Boots of Speed |
| 10:15 | Magic Sentry |
| 10:16 | Priest |
| 10:18 | Healing Salve |
| 10:34 | Castle |
| 10:46 | Guard Tower |
| 10:48 | Scout Tower |
| 10:49 | Scout Tower |
| 11:36 | Advanced Masonry |
| 11:42 | Guard Tower |
| 11:44 | Scout Tower |
| 12:33 | Arcane Tower |
| 12:36 | Guard Tower |
| 12:38 | Guard Tower |
| 12:40 | Scout Tower |
| 12:41 | Scout Tower |
| 12:42 | Scout Tower |
| 12:42 | Scout Tower |
| 12:45 | Arcane Vault |
| 12:47 | Arcane Vault |
| 13:13 | Imbued Masonry |
| 13:14 | Bash |
| 13:23 | Priest Adept Training |
| 13:27 | Gryphon Aviary |
| 13:27 | Blacksmith |
| 13:29 | Barracks |
| 13:30 | Brilliance Aura |
| 13:34 | Guard Tower |
| 13:55 | Orb of Lightning |
| 13:56 | Healing Salve |
| 14:14 | Holy Light |
| 14:15 | Staff of Sanctuary |
| 14:18 | Guard Tower |
| 15:11 | Staff of Sanctuary |
| 15:37 | Dragonhawk Rider |
| 15:37 | Dragonhawk Rider |
| 15:38 | Dragonhawk Rider |
| 15:48 | Scout Tower |
| 15:49 | Scout Tower |
| 15:49 | Scout Tower |
| 15:49 | Scout Tower |
| 16:06 | Scroll of Town Portal |
| 16:06 | Potion of Healing |
| 16:09 | Potion of Mana |
| 16:09 | Potion of Mana |
| 16:52 | Guard Tower |
| 16:53 | Guard Tower |
| 16:54 | Scout Tower |
| 16:55 | Scout Tower |
| 16:55 | Scout Tower |
| 16:56 | Scout Tower |
| 17:00 | Studded Leather Armor |
| 17:00 | Iron Forged Swords |
| 17:10 | Guard Tower |
| 17:22 | Staff of Sanctuary |
| 17:34 | Animal War Training |
| 17:36 | Guard Tower |
| 18:14 | Storm Bolt |
| 18:38 | Guard Tower |
| 18:55 | Boots of Speed |
| 18:57 | Periapt of Vitality |
| 19:04 | Scout Tower |
| 19:05 | Scout Tower |
| 19:05 | Scout Tower |
| 19:05 | Scout Tower |
| 19:08 | Devotion Aura |
| 19:23 | Circlet of Nobility |
| 19:52 | Guard Tower |
| 19:57 | Arcane Vault |
| 19:57 | Arcane Vault |
| 20:50 | Potion of Mana |
| 20:52 | Potion of Mana |
| 20:55 | Arcane Tower |
| 21:16 | Cloud |
| 21:16 | Reinforced Leather Armor |
| 21:17 | Steel Forged Swords |
| 22:23 | Scout Tower |
| 22:24 | Scout Tower |
| 22:24 | Scout Tower |
| 22:24 | Scout Tower |
| 22:24 | Scout Tower |
| 22:25 | Scout Tower |
| 22:25 | Scout Tower |
| 22:25 | Scout Tower |
| 23:17 | Scout Tower |
| 23:18 | Scout Tower |
| 23:18 | Scout Tower |
| 23:18 | Scout Tower |
| 23:25 | Scout Tower |
| 23:25 | Scout Tower |
| 23:26 | Scout Tower |
| 23:26 | Scout Tower |
| 23:27 | Scout Tower |
| 23:27 | Scout Tower |
| 23:28 | Scout Tower |
| 23:28 | Scout Tower |
| 23:28 | Scout Tower |
| 23:29 | Scout Tower |
| 23:29 | Scout Tower |
| 23:30 | Scout Tower |
| 23:30 | Scout Tower |
| 23:31 | Scout Tower |
| 23:31 | Scout Tower |
| 23:32 | Scout Tower |
| 23:32 | Scout Tower |
| 23:32 | Scout Tower |
| 23:34 | Holy Light |
| 23:40 | Guard Tower |
| 23:43 | Scout Tower |
| 23:43 | Scout Tower |
| 23:43 | Scout Tower |
| 23:44 | Scout Tower |
| 23:44 | Scout Tower |
| 23:45 | Scout Tower |
| 23:45 | Scout Tower |
| 23:45 | Scout Tower |
| 23:47 | Guard Tower |
| 23:51 | Guard Tower |
| 24:42 | Bash |
| 25:30 | Arcane Tower |
| 25:30 | Arcane Tower |
| 25:30 | Arcane Tower |
| 25:31 | Arcane Tower |
| 25:43 | Lesser Clarity Potion |
| 25:45 | Lesser Clarity Potion |
| 25:51 | Potion of Mana |
| 25:53 | Potion of Mana |
| 26:02 | Scout Tower |
| 26:03 | Scout Tower |
| 26:03 | Scout Tower |
| 26:03 | Scout Tower |
| 26:04 | Scout Tower |
| 26:04 | Scout Tower |
| 26:04 | Scout Tower |
| 26:05 | Scout Tower |
| 26:05 | Scout Tower |
| 26:05 | Scout Tower |
| 26:06 | Scout Tower |
| 26:06 | Scout Tower |
| 26:07 | Scout Tower |
| 26:07 | Scout Tower |
| 26:08 | Scout Tower |
| 26:09 | Scout Tower |
| 26:09 | Scout Tower |
| 26:09 | Scout Tower |
| 26:10 | Scout Tower |
| 26:10 | Scout Tower |
| 26:25 | Arcane Tower |
| 27:15 | Brilliance Aura |
| 27:20 | Guard Tower |
| 27:41 | Guard Tower |
| 28:31 | Guard Tower |
| 28:35 | Town Hall |
| 29:13 | Staff of Teleportation |
| 29:33 | Orb of Lightning |
| 29:39 | Guard Tower |
| 29:41 | Scout Tower |
| 29:42 | Scout Tower |
| 29:43 | Scout Tower |
| 29:45 | Scout Tower |
| 29:45 | Scout Tower |
| 29:46 | Scout Tower |
| 29:46 | Scout Tower |
| 31:06 | Divine Shield |
| 31:12 | Storm Bolt |
| 31:48 | Guard Tower |
| Right click | 3845 |
| Select | 955 |
| Select group | 567 |
| Build/train/purchase | 232 |
| Use ability | 153 |
| Chat | 81 |
| Misc. action | 28 |
| Assign group | 23 |
| Resource trade | 14 |
| Item give/drop | 11 |
| Minimap ping | 11 |
| Remove unit | 1 |


| Healing Salve | 5 | 500 |
| Orb of Lightning | 2 | 750 |
| Boots of Speed | 2 | 500 |
| Staff of Teleportation | 2 | 300 |
| total: | 11 | 2050g |
| Peon | 12 | 900 | / | 0 |
| Troll Batrider | 19 | 3040 | / | 760 |
| Goblin Shredder | 1 | 375 | / | 100 |
| total: | 32 | 4315g | / | 860w |
| Watch Tower | 29 | 3190 | / | 2320 |
| Altar of Storms | 1 | 180 | / | 50 |
| Orc Burrow | 3 | 480 | / | 120 |
| War Mill | 1 | 205 | / | 0 |
| Voodoo Lounge | 2 | 260 | / | 60 |
| Great Hall | 1 | 385 | / | 185 |
| Barracks | 1 | 180 | / | 50 |
| Beastiary | 6 | 870 | / | 840 |
| Stronghold | 1 | 315 | / | 190 |
| Fortress | 1 | 325 | / | 190 |
| total: | 44 | 5750g | / | 3625w |
| 0:02 | Peon |
| 0:02 | Peon |
| 0:05 | Altar of Storms |
| 0:20 | Orc Burrow |
| 0:23 | Peon |
| 0:35 | Peon |
| 0:49 | War Mill |
| 0:51 | Peon |
| 1:05 | Voodoo Lounge |
| 1:22 | Peon |
| 1:27 | Peon |
| 1:42 | Peon |
| 1:56 | Orc Burrow |
| 2:11 | Watch Tower |
| 2:13 | Healing Salve |
| 2:15 | Wind Walk |
| 2:19 | Peon |
| 2:24 | Peon |
| 2:46 | Watch Tower |
| 2:49 | Peon |
| 2:49 | Peon |
| 3:31 | Watch Tower |
| 3:33 | Stronghold |
| 3:48 | Watch Tower |
| 4:10 | Boots of Speed |
| 4:13 | Staff of Teleportation |
| 4:33 | Watch Tower |
| 4:37 | Orc Burrow |
| 4:54 | Watch Tower |
| 5:17 | Critical Strike |
| 5:37 | Watch Tower |
| 5:58 | Watch Tower |
| 6:05 | Beastiary |
| 6:26 | Reinforced Defenses |
| 6:40 | Watch Tower |
| 6:50 | Healing Salve |
| 6:53 | Hex |
| 7:01 | Beastiary |
| 7:03 | Beastiary |
| 7:07 | Watch Tower |
| 7:26 | Fortress |
| 7:43 | Watch Tower |
| 8:12 | Goblin Shredder |
| 8:39 | Watch Tower |
| 8:53 | Watch Tower |
| 9:11 | Great Hall |
| 9:16 | Wind Walk |
| 9:17 | Healing Wave |
| 9:22 | Watch Tower |
| 9:39 | Troll Batrider |
| 9:48 | Watch Tower |
| 9:52 | Liquid Fire |
| 10:04 | Watch Tower |
| 10:27 | Watch Tower |
| 10:45 | Troll Batrider |
| 10:53 | Watch Tower |
| 11:13 | Watch Tower |
| 11:33 | Watch Tower |
| 11:35 | Troll Batrider |
| 11:38 | Healing Salve |
| 11:51 | Troll Batrider |
| 12:24 | Watch Tower |
| 12:25 | Watch Tower |
| 12:38 | Watch Tower |
| 12:40 | Troll Batrider |
| 13:14 | Beastiary |
| 13:24 | Orb of Lightning |
| 13:32 | Watch Tower |
| 13:33 | Watch Tower |
| 13:35 | Troll Batrider |
| 13:37 | Beastiary |
| 13:53 | Steel Ranged Weapons |
| 13:53 | Steel Armor |
| 13:54 | Spiked Barricades |
| 14:07 | Troll Batrider |
| 14:17 | Boots of Speed |
| 14:19 | Staff of Teleportation |
| 14:38 | Watch Tower |
| 14:39 | Watch Tower |
| 15:20 | Thorium Ranged Weapons |
| 15:27 | Healing Wave |
| 15:51 | Watch Tower |
| 16:01 | Troll Batrider |
| 16:08 | Critical Strike |
| 16:42 | Troll Batrider |
| 17:27 | Troll Batrider |
| 17:41 | Thorium Armor |
| 17:42 | Improved Spiked Barricades |
| 17:47 | Barracks |
| 18:56 | Troll Batrider |
| 19:45 | Wind Walk |
| 20:02 | Troll Batrider |
| 20:10 | Voodoo Lounge |
| 20:20 | Troll Batrider |
| 21:03 | Orb of Lightning |
| 21:06 | Healing Salve |
| 22:40 | Bladestorm |
| 22:48 | Watch Tower |
| 22:51 | Troll Batrider |
| 22:53 | Arcanite Armor |
| 22:53 | Arcanite Ranged Weapons |
| 24:56 | Troll Batrider |
| 25:44 | Critical Strike |
| 26:24 | Troll Batrider |
| 28:57 | Troll Batrider |
| 29:17 | Troll Batrider |
| 29:30 | Troll Batrider |
| 29:39 | Beastiary |
| 29:51 | Healing Salve |
| 31:41 | Mirror Image |
| 31:42 | Hex |
| Right click | 2279 |
| Select group | 715 |
| Select | 524 |
| Misc. action | 123 |
| Build/train/purchase | 102 |
| Use ability | 73 |
| Assign group | 28 |
| Chat | 27 |
| Minimap ping | 4 |
| Item give/drop | 2 |
| Esc | 1 |

| Healing Salve | 7 | 700 |
| Lesser Clarity Potion | 13 | 910 |
| Orb of Lightning | 1 | 375 |
| Tiny Great Hall | 2 | 1200 |
| Boots of Speed | 1 | 250 |
| Circlet of Nobility | 1 | 175 |
| Staff of Teleportation | 1 | 150 |
| total: | 26 | 3760g |
| Peon | 26 | 1950 | / | 0 |
| Troll Batrider | 26 | 4160 | / | 1040 |
| Goblin Shredder | 1 | 375 | / | 100 |
| total: | 53 | 6485g | / | 1140w |
| Watch Tower | 58 | 6380 | / | 4640 |
| Altar of Storms | 1 | 180 | / | 50 |
| Orc Burrow | 2 | 320 | / | 80 |
| Voodoo Lounge | 3 | 390 | / | 90 |
| War Mill | 1 | 205 | / | 0 |
| Great Hall | 2 | 770 | / | 370 |
| Beastiary | 1 | 145 | / | 140 |
| Stronghold | 1 | 315 | / | 190 |
| Fortress | 2 | 650 | / | 380 |
| total: | 68 | 8390g | / | 5370w |
| 0:03 | Altar of Storms |
| 0:04 | Peon |
| 0:11 | Orc Burrow |
| 0:14 | Peon |
| 0:21 | Peon |
| 0:43 | Peon |
| 0:51 | Voodoo Lounge |
| 0:53 | Peon |
| 1:08 | Peon |
| 1:16 | Peon |
| 1:32 | War Mill |
| 1:33 | Peon |
| 1:41 | Peon |
| 2:03 | Serpent Ward |
| 2:19 | Peon |
| 2:20 | Peon |
| 2:51 | Healing Salve |
| 2:52 | Lesser Clarity Potion |
| 2:58 | Watch Tower |
| 2:59 | Watch Tower |
| 3:14 | Stronghold |
| 3:53 | Spiked Barricades |
| 3:58 | Hex |
| 4:03 | Watch Tower |
| 4:04 | Watch Tower |
| 4:12 | Watch Tower |
| 5:23 | Great Hall |
| 5:26 | Watch Tower |
| 5:39 | Orc Burrow |
| 5:42 | Lesser Clarity Potion |
| 5:48 | Healing Salve |
| 6:31 | Goblin Shredder |
| 6:34 | Peon |
| 6:34 | Peon |
| 6:38 | Watch Tower |
| 6:54 | Watch Tower |
| 7:15 | Watch Tower |
| 7:20 | Lesser Clarity Potion |
| 7:27 | Fortress |
| 7:35 | Watch Tower |
| 7:41 | Watch Tower |
| 7:56 | Peon |
| 7:56 | Peon |
| 7:56 | Peon |
| 7:56 | Peon |
| 8:00 | Watch Tower |
| 8:22 | Watch Tower |
| 8:27 | Serpent Ward |
| 9:13 | Watch Tower |
| 9:14 | Watch Tower |
| 9:21 | Voodoo Lounge |
| 9:24 | Reinforced Defenses |
| 9:30 | Watch Tower |
| 9:31 | Watch Tower |
| 9:37 | Watch Tower |
| 9:45 | Beastiary |
| 9:49 | Watch Tower |
| 9:50 | Watch Tower |
| 9:58 | Improved Spiked Barricades |
| 10:38 | Watch Tower |
| 10:39 | Watch Tower |
| 10:49 | Troll Batrider |
| 10:51 | Orb of Lightning |
| 10:54 | Steel Armor |
| 11:07 | Troll Batrider |
| 11:34 | Troll Batrider |
| 12:06 | Great Hall |
| 12:21 | Watch Tower |
| 12:23 | Troll Batrider |
| 12:24 | Troll Batrider |
| 12:26 | Watch Tower |
| 13:14 | Troll Batrider |
| 13:20 | Watch Tower |
| 13:20 | Watch Tower |
| 13:36 | Watch Tower |
| 13:39 | Boots of Speed |
| 13:40 | Circlet of Nobility |
| 14:16 | Watch Tower |
| 14:44 | Troll Batrider |
| 15:03 | Lesser Clarity Potion |
| 15:28 | Lesser Clarity Potion |
| 15:29 | Healing Salve |
| 15:32 | Troll Batrider |
| 16:01 | Troll Batrider |
| 16:03 | Hex |
| 16:09 | Troll Batrider |
| 16:18 | Troll Batrider |
| 16:28 | Troll Batrider |
| 16:56 | Troll Batrider |
| 16:57 | Peon |
| 16:57 | Peon |
| 16:57 | Peon |
| 16:59 | Watch Tower |
| 17:00 | Watch Tower |
| 17:00 | Watch Tower |
| 17:01 | Watch Tower |
| 17:01 | Watch Tower |
| 17:02 | Watch Tower |
| 17:02 | Watch Tower |
| 17:02 | Watch Tower |
| 17:08 | Watch Tower |
| 17:09 | Watch Tower |
| 17:13 | Lesser Clarity Potion |
| 17:15 | Healing Salve |
| 17:26 | Staff of Teleportation |
| 17:37 | Peon |
| 18:24 | Peon |
| 18:32 | Voodoo Lounge |
| 18:40 | Steel Ranged Weapons |
| 19:26 | Thorium Armor |
| 19:32 | Watch Tower |
| 19:32 | Watch Tower |
| 19:33 | Watch Tower |
| 19:38 | Watch Tower |
| 19:38 | Watch Tower |
| 19:44 | Lesser Clarity Potion |
| 19:51 | Liquid Fire |
| 20:27 | Watch Tower |
| 20:27 | Watch Tower |
| 20:32 | Lesser Clarity Potion |
| 21:00 | Thorium Ranged Weapons |
| 21:00 | Arcanite Armor |
| 21:34 | Lesser Clarity Potion |
| 21:36 | Tiny Great Hall |
| 22:33 | Troll Batrider |
| 23:38 | Healing Salve |
| 23:50 | Tiny Great Hall |
| 25:11 | Troll Batrider |
| 25:11 | Troll Batrider |
| 25:11 | Troll Batrider |
| 25:12 | Troll Batrider |
| 25:12 | Troll Batrider |
| 25:29 | Peon |
| 25:29 | Peon |
| 25:29 | Peon |
| 25:29 | Peon |
| 25:39 | Watch Tower |
| 25:39 | Watch Tower |
| 25:40 | Watch Tower |
| 25:41 | Watch Tower |
| 25:42 | Watch Tower |
| 25:43 | Watch Tower |
| 25:44 | Troll Batrider |
| 25:51 | Lesser Clarity Potion |
| 26:01 | Troll Batrider |
| 26:22 | Watch Tower |
| 26:22 | Watch Tower |
| 26:23 | Watch Tower |
| 26:23 | Watch Tower |
| 26:24 | Watch Tower |
| 26:24 | Watch Tower |
| 27:13 | Arcanite Ranged Weapons |
| 27:15 | Troll Batrider |
| 27:39 | Troll Batrider |
| 27:40 | Healing Salve |
| 28:49 | Troll Batrider |
| 28:49 | Troll Batrider |
| 29:33 | Watch Tower |
| 29:52 | Lesser Clarity Potion |
| 30:04 | Serpent Ward |
| 30:21 | Healing Salve |
| 30:55 | Lesser Clarity Potion |
| 31:41 | Troll Batrider |
| 31:52 | Lesser Clarity Potion |
| Right click | 2077 |
| Assign group | 895 |
| Select group | 392 |
| Select | 361 |
| Use ability | 136 |
| Build/train/purchase | 135 |
| Chat | 114 |
| Item give/drop | 18 |
| Misc. action | 15 |
| Remove unit | 7 |
| Minimap ping | 1 |
⇛